 Seeded DCSS version 0.30.1-4-g462c640d31 (webtiles) character file.

Game seed: 1488530604685760082 (custom seed)

31 kingsuperguy the Chopper (level 3, 0/33 HPs)
             Began as a Hill Orc Monk on Sept 10, 2023.
             Slain by a wyvern zombie (2 damage)
             ... in an ossuary.
             The game lasted 00:01:28 (250 turns).

kingsuperguy the Chopper (Hill Orc Monk)             Turns: 250, Time: 00:01:28

Health: 0/33       AC:  2    Str: 18    XL:     3   Next: 22%
Magic:  3/3        EV: 12    Int: 10    God:
Gold:   11         SH:  0    Dex: 13    Spells: 2/2 levels left

rFire   . . .        f - +11 broad axe "Hill Orc's Regret" {spect, Str+3}
rCold   . . .        d - orb {light}
rNeg    . . .        b - +0 robe
rPois   .            (no helmet)
rElec   .            (no cloak)
rCorr   .            (no gloves)
SInv    .            (no boots)
Will    .....        (no amulet)
Stlth   +            (no ring)
HPRegen 0.25/turn    (no ring)
MPRegen 0.08/turn

%: no passive effects
@: confused, ambrosia-drunk, glowing
A: no striking features
a: no special abilities


You were in an ossuary.
You visited 1 branch of the dungeon, and saw 4 of its levels.
You also visited: Ossuary.

You collected 11 gold pieces.

Inventory:

Hand Weapons
 a - a +0 hand axe
 f - the +11 broad axe "Hill Orc's Regret" (weapon) {spect, Str+3}
   (You found it on level 3 of the Dungeon)

   Str:       It affects your strength (+3).
Armour
 b - a +0 robe (worn)
 d - an orb of light (worn)
Scrolls
 e - a scroll of teleportation {unknown}


   Skills:
 + Level 4.2 Fighting
 + Level 4.6 Axes
 + Level 2.8 Dodging


You had 2 spell levels left.
You didn't know any spells.
Your spell library contained the following spells:

 Spells                   Type           Power      Damage    Failure   Level
 Summon Ice Beast         Ice/Summ       0%         N/A       98%         4
 Summon Mana Viper        Hex/Summ       0%         N/A       100%        5
 Monstrous Menagerie      Summ           0%         N/A       100%        7


Dungeon Overview and Level Annotations

Branches:
Dungeon (4/15)            Ossuary (1/1)
 Temple: D:4-7

Altars:
Gozag

Annotations:
D:4 Pikel


Message History

You enter an ossuary!
Found a gate leading back out of this place.
There is an empty arch of ancient stone here.
You start resting.
A mummy opens the door.
The mummy hits you!
Ouch! That really hurt!
* * * LOW HITPOINT WARNING * * *
There is an open door here.
You are too injured to fight recklessly!
You slash the mummy!
The mummy is severely damaged.
Your +11 broad axe "Hill Orc's Regret" {spect, Str+3} hits the mummy!
You destroy the mummy!
A wyvern zombie comes into view.
Your Fighting skill increases to level 4!
You have reached level 2!
Your +11 broad axe "Hill Orc's Regret" {spect, Str+3} disappears.
A mummy comes into view.
You are confused.
You feel invigorated.
There is an empty arch of ancient stone here.
You barely miss the mummy.
Your +11 broad axe "Hill Orc's Regret" {spect, Str+3} hits the mummy.
You slash the mummy!
You destroy the mummy!
You barely miss the wyvern zombie.
Your +11 broad axe "Hill Orc's Regret" {spect, Str+3} hits the wyvern zombie!
The wyvern zombie bites you!
Ouch! That really hurt!
The wyvern zombie bites you!
* * * LOW HITPOINT WARNING * * *
You have reached level 3!
Your experience leads to an increase in your attributes!
Your base attributes are Str 13, Int 10, Dex 13.
Increase (S)trength, (I)ntelligence, or (D)exterity?
You feel stronger. x2
The wyvern zombie attacks as you move away!
The wyvern zombie bites you.
You die...

## #. #'
+.
#.#####
+.#Z..#
#.'(@.#
#.'.#..∩#
###.#####
+~ #~ +~
#~


+Z You could see a wyvern zombie and a friendly +11 broad axe "Hill Orc's
Regret" {spect, Str+3}.

Vanquished Creatures
  2 mummies (Ossuary)
  2 orcs (D:4)
  A goblin (D:3)
  A bat (D:3)
6 creatures vanquished.

Notes
Turn   | Place    | Note
-------+----------+-------------------------------------------
     0 | D:1      | kingsuperguy the Hill Orc Monk began the quest for the Orb.
     0 | D:1      | Reached XP level 1. HP: 19/19 MP: 1/1
     9 | D:1      | You fall into a shaft and drop 1 floor!
    27 | D:3      | Found an opulent altar of Gozag.
   147 | D:3      | Identified the +11 broad axe "Hill Orc's Regret" {spect,
                  | Str+3}
   184 | D:4      | Noticed a lemure
   184 | D:4      | Noticed a lemure
   184 | D:4      | Noticed a lemure
   184 | D:4      | Noticed a lemure
   185 | D:4      | Noticed Pikel
   199 | D:4      | Found a sand-covered staircase.
   203 | Ossuary  | Entered an ossuary
   240 | Ossuary  | HP: 1/20 [mummy (15)]
   241 | Ossuary  | Noticed a wyvern zombie
   242 | Ossuary  | Reached XP level 2. HP: 3/27 MP: 2/2
   250 | Ossuary  | Reached XP level 3. HP: 2/33 MP: 3/3
   250 | Ossuary  | Slain by a wyvern zombie

Illustrated notes

Levels and vault maps discovered:
D:1:      nzn_arrival_settlement, layout_loops_ring, serial_shops, shop,
          hellmonk_ecumenical_altar_arch_garden, minmay_tetromino_t4
D:2:      layout_basic
D:3:      layout_loops_corners, old_standard_altar, jmf_multi_god_temple2,
          st_stairs_9
D:4:      layout_basic, serial_shops, nicolae_square_shop, enter_ossuary_5,
          skrybe_limestone_x, uniq_pikel
Ossuary:  ossuary_zaba_flooded

Skill      XL: |  1 |
---------------+----+-----
Fighting       | 4 |  4.2
Axes           | |  4.6
Dodging        | |  2.8

Action                     || total
---------------------------++-------
  Melee: Hand axe          ||     5
         Broad axe         ||     4
    Use: Potion            ||     1
 Armour: Robe              ||     5
  Dodge: Dodged            ||    21
